 Dungeon Crawl Stone Soup version 0.28.0-53-g5a82cb258f (webtiles) character file.

Game seed: 16083348194732797021

135 protoss039 the Digger (level 4, 0/34 HPs)
             Began as a Demonspawn Earth Elementalist on June 10, 2022.
             Slain by a river rat (4 damage)
             ... in a sewer.
             The game lasted 00:09:14 (3181 turns).

protoss039 the Digger (DsEE)                        Turns: 3181, Time: 00:09:15

Health: 0/34       AC: 10    Str:  8    XL:     4   Next: 97%
Magic:  1/7        EV: 11    Int: 19    God:
Gold:   13         SH:  0    Dex: 13    Spells: 2/8 levels left

rFire   . . .      SeeInvis +   a - +0 club
rCold   . . .      Faith    .   (no shield)
rNeg    . . .      Spirit   .   h - +0 leather armour
rPois   .          Reflect  .   g - +0 helmet
rElec   .          Harm     .   (no cloak)
rCorr   .          Rampage  .   (no gloves)
Will    .....                   (no boots)
Stlth   +.........              (no amulet)
HPRegen 0.11/turn               b - ring of see invisible
MPRegen 0.10/turn               (no ring)

@: sanguine armoured, very slow
A: ignite blood 1, sanguine armour 1
a: no special abilities


You were in a sewer.
You visited 1 branch of the dungeon, and saw 3 of its levels.
You also visited: Sewer.

You collected 73 gold pieces.
You spent 60 gold pieces at shops.

Inventory:

Hand Weapons
 a - a +0 club (weapon)
Missiles
 e - 2 throwing nets
Armour
 g - a +0 helmet (worn)
 h - a +0 leather armour (worn)
Jewellery
 b - a ring of see invisible (left hand)
Potions
 i - a potion of cancellation


   Skills:
 * Level 2.4 Fighting
 + Level 1.4 Armour
 - Level 1.7 Dodging
 - Level 1.7 Stealth
 + Level 2.5 Spellcasting
 * Level 1.6 Conjurations
 - Level 1.0 Transmutations
 + Level 3.2 Earth Magic


You had 2 spell levels left.
You knew the following spells:

 Your Spells              Type           Power      Damage    Failure   Level
a - Sandblast             Erth           28%        2d8       6%          1
b - Passwall              Tmut/Erth      8%         N/A       14%         2
c - Stone Arrow           Conj/Erth      22%        3d8       24%         3

Your spell library contained the following spells:

 Spells                   Type           Power      Damage    Failure   Level
 Petrify                  Tmut/Erth      10%        N/A       67%         4
 Irradiate                Conj/Tmut      3%         3d14      98%         5
 Blade Hands              Tmut           3%         N/A       99%         5
 Dragon Form              Tmut           3%         N/A       100%        7


Dungeon Overview and Level Annotations

Branches:
Dungeon (3/15)              Sewer (1/1)

Altars:
Ashenzari

Shops:
D:3 !!

Annotations:
D:3 Ijyb


Innate Abilities, Weirdness & Mutations

Your demonic aura sometimes causes spilled blood to erupt in flames.
When seriously injured, your blood forms armour. (AC +6)


Message History

Unknown command.
You aren't carrying any items that you can evoke.
Unknown command.
You see here a rat corpse.
Unknown command.
You start resting.
A river rat is nearby!
Unknown command.
Okay, then.
Okay, then.
Unknown command.
Unknown command.
You completely miss the river rat. The river rat barely misses you.
You enter the shallow water.
Moving in this stuff is going to be slow.
The river rat bites you!
* * * LOW HITPOINT WARNING * * *
The river rat bites you.
* * * LOW HITPOINT WARNING * * *
The river rat closely misses you. The river rat barely misses you.
The river rat bites you but does no damage.
The river rat bites you but does no damage.
Casting: Stone Arrow (quite dangerous; 26% risk of failure)
Confirm with . or Enter, or press ? or * to list all spells.
The spell is quite dangerous to miscast (26% risk of failure)!
Continue anyway?
Aiming: Stone Arrow (quite dangerous; 26% risk of failure)
Press: ? - help, Shift-Dir - straight line, f - river rat
Aim: a river rat (64% to hit)
The stone arrow hits the river rat!!
You kill the river rat!
The river rat misses you.
Unknown command.
Unknown command.
The river rat barely misses you.
The river rat bites you but does no damage.
Okay, then.
The river rat barely misses you. The river rat bites you.
You die...

#≈# #≈#
#≈# #≈#
#r# #≈#
#≈# #r#
#@# #≈#
#≈# ≈≈≈
.≈.
≈≈≈≈≈
≈≈≈≈≈
≈≈≈≈≈≈≈


You could see a river rat and a rat.

Vanquished Creatures
  Jessica (D:2)
  An adder (D:3)
  3 river rats (Sewer)
  2 worms (D:2)
  A dart slug (D:1)
  3 bats
  5 endoplasms
  3 giant cockroaches
  9 goblins
  3 hobgoblins (D:1)
  3 jackals
  5 quokkas
  4 ball pythons
  4 frilled lizards
  6 kobolds
  8 rats
61 creatures vanquished.

Vanquished Creatures (others)
  8 plants (D:2)
8 creatures vanquished.

Grand Total: 69 creatures vanquished

Notes
Turn   | Place    | Note
-------+----------+-------------------------------------------
     0 | D:1      | protoss039 the Demonspawn Earth Elementalist began the
                  | quest for the Orb.
     0 | D:1      | Reached XP level 1. HP: 13/13 MP: 3/3
    11 | D:1      | Reached skill level 1 in Transmutations
   338 | D:1      | Found a faded altar of an unknown god.
   355 | D:1      | Gained mutation: When seriously injured, your blood forms
                  | armour. (AC +6) [demonic ancestry]
   355 | D:1      | Reached XP level 2. HP: 17/20 MP: 1/5
   389 | D:1      | Reached skill level 1 in Fighting
  1113 | D:1      | Gained mutation: Your demonic aura sometimes causes spilled
                  | blood to erupt in flames. [demonic ancestry]
  1113 | D:1      | Reached XP level 3. HP: 25/26 MP: 6/6
  1264 | D:1      | Reached skill level 3 in Earth Magic
  1519 | D:1      | Learned a level 2 spell: Passwall
  1523 | D:1      | Learned a level 3 spell: Stone Arrow
  1802 | D:2      | Reached skill level 1 in Armour
  1971 | D:2      | Noticed Jessica
  1976 | D:2      | Killed Jessica
  1977 | D:2      | Reached skill level 1 in Conjurations
  1977 | D:2      | Reached XP level 4. HP: 28/33 MP: 3/7
  2804 | D:3      | Noticed Ijyb
  2905 | D:3      | Found Taentas's Distillery.
  2950 | D:3      | Found a broken altar of Ashenzari.
  2965 | D:3      | Saw a vision of the Shoals and the Spider Nest.
  2965 | D:3      | Noticed a sea snake
  2965 | D:3      | Noticed a wind drake
  2965 | D:3      | Noticed a wind drake
  2965 | D:3      | Noticed a hornet
  2965 | D:3      | Noticed a redback
  2965 | D:3      | Noticed a sea snake
  2965 | D:3      | Noticed a merfolk siren
  2965 | D:3      | Noticed a merfolk siren
  2965 | D:3      | Noticed a hornet
  2965 | D:3      | Noticed a sea snake
  2965 | D:3      | Noticed a redback
  2965 | D:3      | Noticed a sea snake
  2965 | D:3      | Noticed a wolf spider
  2965 | D:3      | Noticed a redback
  2965 | D:3      | Noticed a wolf spider
  2965 | D:3      | Noticed a sea snake
  2965 | D:3      | Noticed a wolf spider
  2965 | D:3      | Noticed a centaur
  2965 | D:3      | Noticed a sea snake
  2965 | D:3      | Noticed a redback
  2965 | D:3      | Noticed a redback
  2966 | D:3      | Noticed a sea snake
  2975 | D:3      | Found Lunnori's Distillery.
  2983 | D:3      | Bought a potion of curing for 30 gold pieces
  2983 | D:3      | Bought a potion of curing for 30 gold pieces
  3130 | D:3      | Found a glowing drain.
  3134 | Sewer    | Entered a sewer
  3165 | Sewer    | HP: 1/34 [river rat (1)]
  3181 | Sewer    | Slain by a river rat

Illustrated notes

Levels and vault maps discovered:
D:1:      minmay_arrival_plants_in_alcoves, layout_basic,
          shapermc_ecumenical_altar_starsandcircs
D:2:      layout_basic, serial_bayou_lagoon_a, serial_park_tiny_2, uniq_jessica
D:3:      layout_rooms, grunt_ashenzari_visionary
          [grunt_ashenzari_visionary_shoals, grunt_ashenzari_visionary_spider],
          serial_shops, shop, nicolae_shop_crystal, gup_sewer_entry_bowl,
          dk_noncrumbling_4, minmay_cut_off, uniq_ijyb
Sewer:    sewer_kobolds

Skill      XL: |  1  2  3 |
---------------+----------+-----
Transmutations | 1 |  1.0
Fighting       | 1 2 |  2.4
Earth Magic    | 3 |  3.2
Armour         | 1 |  1.4
Conjurations   | 1 |  1.6
Dodging        | |  1.7
Stealth        | |  1.7
Spellcasting   | |  2.5

Action                   |  1- 3 |  4- 6 || total
-------------------------+-------+-------++-------
Melee: Club              |   108 |   139 ||   247
       Unarmed           |     5 |       ||     5
       Punch             |     1 |       ||     1
 Cast: Sandblast         |    35 |    14 ||    49
       Stone Arrow       |     1 |     6 ||     7
  Use: Potion            |       |     4 ||     4
       Scroll            |       |     3 ||     3
 Stab: Sleeping          |     1 |     1 ||     2
Armor: Robe              |    36 |       ||    36
       Leather armour    |       |   132 ||   132
Dodge: Dodged            |    90 |   159 ||   249
